 Dungeon Crawl Stone Soup version 0.31-a0-187-gba352fbbf7 (webtiles) character file.

Game seed: 3841670066589222754

53 qw the Shooter (level 3, -3/20 HPs)
             Began as a Deep Elf Hunter on June 22, 2023.
             Killed from afar by Sigmund (5 damage)
             ... with a puff of flame
             ... on level 2 of the Dungeon.
             The game lasted 00:00:36 (1235 turns).

qw the Shooter (Deep Elf Hunter)                    Turns: 1235, Time: 00:00:37

Health: -3/20      AC:  7    Str: 10    XL:     3   Next: 62%
Magic:  5/5        EV:  9    Int: 13    God:
Gold:   96         SH:  5    Dex: 18    Spells: 2/2 levels left

rFire   . . .        Y - +0 shortbow
rCold   . . .        (shield currently unavailable)
rNeg    . . .        g - +0 scale mail
rPois   .            (no helmet)
rElec   .            (no cloak)
rCorr   +            (no gloves)
SInv    .            f - +0 pair of boots {Stlth+}
Will    .....        d - amulet of reflection
Stlth   ++           k - ring of resist corrosion
HPRegen 0.23/turn    (no ring)
MPRegen 0.09/turn

%: reflection
@: no status effects
A: no striking features
a: no special abilities


You were on level 2 of the Dungeon.
You visited 1 branch of the dungeon, and saw 2 of its levels.

You collected 96 gold pieces.


   Skills:
 - Level 1.5 Fighting
 + Level 7.1 Ranged Weapons
 - Level 2.4 Dodging
 - Level 1.2 Stealth


You had 2 spell levels left.
You didn't know any spells.
Your spell library was empty.

Inventory:

Hand Weapons
 Y - a +0 shortbow (weapon)
Armour
 e - the +2 hat of the Equator {Harm rC+ Int+4}
   (You acquired it on level 1 of the Dungeon)

   Int:       It affects your intelligence (+4).
   rC:        It protects you from cold.
   Harm:      It increases damage dealt and taken.
 f - a +0 pair of boots of stealth (worn)
 g - a +0 scale mail (worn)
Jewellery
 b - a ring of resist corrosion
 c - a ring of fire
 d - an amulet of reflection (around neck)
 k - a ring of resist corrosion (left hand)
Scrolls
 a - 4 scrolls of identify

Dungeon Overview and Level Annotations

Branches:
Dungeon (2/15)

Altars:

Annotations:
D:2 Sigmund


Message History

You see here 9 gold pieces.
Enter note:
Enter note:
Enter note:
1215 ||| FLEEEEING.
1216 ||| FLEEEEING.
1217 ||| STILL FLEEEEING.
Enter note:
Enter note:
Enter note:
1218 ||| STILL FLEEEEING.
1219 ||| STILL FLEEEEING.
1220 ||| STILL FLEEEEING.
1221 ||| STILL FLEEEEING.
1222 ||| STILL FLEEEEING.
1223 ||| STILL FLEEEEING.
1224 ||| STILL FLEEEEING.
1225 ||| STILL FLEEEEING.
You start resting.
Sigmund is nearby!
1227 ||| FLEEEEING.
1228 ||| STILL FLEEEEING.
1229 ||| STILL FLEEEEING.
You start resting.
Sigmund is nearby!
You shoot an arrow. The arrow closely misses Sigmund.
You shoot an arrow. The arrow hits Sigmund!
Sigmund is moderately wounded.
You shoot an arrow. The arrow barely misses Sigmund.
Sigmund casts a spell at you. The magic dart hits you!
Sigmund casts a spell at you. The puff of flame hits you!
Ouch! That really hurt!
You shoot an arrow. The arrow hits Sigmund.
Sigmund is heavily wounded.
You shoot an arrow. The arrow closely misses Sigmund.
Sigmund gestures at you while chanting. The puff of flame hits you.
You die...

#.# ##########.#
#.......##.######### ####
#.......##.#........ ....
#.......##'#........ ....
#...........######## ####
#......%...<'.......
#...........########
#........@..# #####.......#
..######.....@.#
.......'.......# #######
.#######.......###.....####
#.........................
..........(................
.#.#######.......#.....## .
#.......#.....####..


You could see Sigmund.

Vanquished Creatures
  An adder (D:2)
  A dart slug (D:1)
  3 ball pythons
  2 bats (D:1)
  An endoplasm (D:1)
  A giant cockroach (D:1)
  2 goblins (D:1)
  3 hobgoblins
  6 jackals (D:1)
  A kobold (D:1)
  2 quokkas (D:1)
  4 frilled lizards
  13 rats
40 creatures vanquished.

Notes
Turn   | Place    | Note
-------+----------+-------------------------------------------
     0 | D:1      | qw the Deep Elf Hunter began the quest for the Orb.
     0 | D:1      | Reached XP level 1. HP: 12/12 MP: 3/3
     0 | D:1      | 0 ||| qw: Version: 0.3-a-9-g12657ce
     0 | D:1      | 0 ||| qw: Game counter: 2631
     0 | D:1      | 0 ||| qw: Always use a shield: true
     0 | D:1      | 0 ||| qw: God list: Okawaru
     0 | D:1      | 0 ||| qw: Allow faded altars: false
     0 | D:1      | 0 ||| qw: Do Orc after D:15 true
     0 | D:1      | 0 ||| qw: Do second Lair branch before Depths: true
     0 | D:1      | 0 ||| qw: Lair rune preference: random
     0 | D:1      | 0 ||| qw: Plans: Normal
     0 | D:1      | 0 ||| PLANNING D:1-11
    30 | D:1      | 30 ||| FLEEEEING.
    31 | D:1      | 31 ||| FLEEEEING.
    45 | D:1      | 45 ||| FLEEEEING.
   244 | D:1      | Reached XP level 2. HP: 16/16 MP: 4/4
   248 | D:1      | Reached skill level 6 in Ranged Weapons
   520 | D:1      | Reached XP level 3. HP: 20/20 MP: 5/5
   954 | D:1      | 954 ||| UPGRADING to +0 scale mail.
   964 | D:1      | 964 ||| DROPPING +0 leather armour.
   965 | D:1      | 965 ||| UPGRADING to amulet of reflection.
   970 | D:1      | 970 ||| DROPPING ring of flight.
   971 | D:1      | 971 ||| UPGRADING to ring of resist corrosion.
   972 | D:1      | 972 ||| READING 5 scrolls labelled EMAANE MIC.
   973 | D:1      | 973 ||| READING scroll labelled AHOFFA KACECUVUI.
   977 | D:1      | 977 ||| READING 3 scrolls labelled KATIOSAI ICZACS.
   977 | D:1      | Identified 3 scrolls of acquirement
   977 | D:1      | 977 ||| ACQUIRING ring of fire
   977 | D:1      | Acquired a ring of fire
   979 | D:1      | 979 ||| READING 2 scrolls of acquirement.
   979 | D:1      | 979 ||| ACQUIRING +2 hat of the Equator {Harm rC+ Int+4}
   979 | D:1      | Acquired the +2 hat of the Equator {Harm rC+ Int+4}
   981 | D:1      | 981 ||| READING scroll of acquirement.
   981 | D:1      | 981 ||| ACQUIRING +0 pair of boots of stealth
   981 | D:1      | Acquired a +0 pair of boots of stealth
   983 | D:1      | 983 ||| UPGRADING to +0 pair of boots of stealth.
   988 | D:1      | 988 ||| READING scroll labelled JOTUONERUHU.
   989 | D:1      | 989 ||| DROPPING scroll of butterflies.
   991 | D:1      | 991 ||| Stepping ~*~*~tactically~*~*~ (cloud).
  1086 | D:2      | Reached skill level 7 in Ranged Weapons
  1214 | D:2      | Noticed Sigmund
  1215 | D:2      | 1215 ||| FLEEEEING.
  1216 | D:2      | 1216 ||| FLEEEEING.
  1227 | D:2      | 1227 ||| FLEEEEING.
  1233 | D:2      | HP: 2/20 [Sigmund/puff of flame (11)]
  1235 | D:2      | Killed from afar by Sigmund

Levels and vault maps discovered:
D:1:      heliophobic_arrival_dark_side_of_the_moon, layout_basic,
          minmay_rat_gold_closets
D:2:      layout_basic, uniq_sigmund

Skill      XL: |  1  2  3 |
---------------+----------+-----
Ranged Weapons | 6 7 |  7.1
Fighting       | |  1.5
Dodging        | |  2.4
Stealth        | |  1.2

Action                     || total
---------------------------++-------
   Fire: Shortbow          ||    93
    Use: Scroll            ||     6
 Armour: Leather armour    ||     8
         Scale mail        ||     1
  Dodge: Dodged            ||    31

Table legend:
 A = Non-vault XP
 B = Vault XP
 C = Vault XP percentage of total XP
 D = Non-vault monster count
 E = Vault monster count
 F = Vault count percentage of total count
                 A         B        C        D         E       F
            +---------+---------+-------+---------+---------+-------
      Total |      66 |      10 |  13.2 |      30 |      10 |  25.0
            +---------+---------+-------+---------+---------+-------
        D:1 |      46 |      10 |  17.9 |      24 |      10 |  29.4
        D:2 |      20 |       0 |   0.0 |       6 |       0 |   0.0
            +---------+---------+-------+---------+---------+-------
